 Dungeon Crawl Stone Soup version 0.30.0-5-g1a98f26d00 (webtiles) character file.

Game seed: 4396723120006256884

253 qeuew the Covered (level 6, -8/38 HPs)
             Began as a Gargoyle Fighter on May 9, 2023.
             Killed by divine providence
             ... invoked by an orc priest
              (15 damage)
             ... on level 4 of the Dungeon.
             The game lasted 00:03:04 (3245 turns).

qeuew the Covered (Gargoyle Fighter)                Turns: 3245, Time: 00:03:04

Health: -8/38      AC: 11    Str: 20    XL:     6   Next: 14%
Magic:  6/6        EV:  9    Int:  8    God:
Gold:   180        SH:  4    Dex: 11    Spells: 5/5 levels left

rFire   . . .        a - +0 flail
rCold   . . .        c - +0 buckler
rNeg    + . .        b - +0 scale mail
rPois   ∞            (no helmet)
rElec   +            (no cloak)
rCorr   .            (no gloves)
SInv    .            (no boots)
Will    .....        (no amulet) Stlth
                     (no ring)
HPRegen 0.26/turn    (no ring)
MPRegen 0.10/turn

%: no passive effects
@: mighty
A: sickness immunity, AC +4, negative energy resistance 1, electricity
resistance, torment resistance 1, petrification resistance
a: no special abilities


You were on level 4 of the Dungeon.
You visited 1 branch of the dungeon, and saw 4 of its levels.

You collected 180 gold pieces.

Inventory:

Hand Weapons
 a - a +0 flail (weapon)
Armour
 b - a +0 scale mail (worn)
 c - a +0 buckler (worn)
Wands
 k - a wand of paralysis (7)
Scrolls
 f - a scroll of identify
 i - a scroll of teleportation
Potions
 d - a potion of might
 e - a potion of mutation
 h - 2 potions of attraction {unknown}
 j - 2 potions of flight


   Skills:
 + Level 4.2 Fighting
 * Level 3.9 Maces & Flails
 * Level 4.9 Armour
 + Level 4.2 Shields


You had 5 spell levels left.
You didn't know any spells.
Your spell library contained the following spells:

 Spells                   Type           Power      Damage    Failure   Level
 Shock                    Conj/Air       0%         1d3       82%         1
 Ensorcelled Hibernation  Hex/Ice        0%         N/A       91%         2
 Dazzling Flash           Conj/Hex       0%         N/A       99%         3
 Spider Form              Tmut/Pois      0%         N/A       99%         3
 Swiftness                Air            0%         N/A       99%         3
 Volatile Blastmotes      Fire/Tloc      0%         2d10      99%         3
 Airstrike                Air            0%         2d(0-16)  100%        4
 Anguish                  Hex/Necr       0%         N/A       100%        4
 Iskenderun's Mystic Bla  Conj/Tloc      0%         2d3       100%        4
 Starburst                Conj/Fire      0%         6d3       100%        6


Dungeon Overview and Level Annotations

Branches:
Dungeon (4/15)
 Temple: D:4-7

Altars:
Sif Muna
Yredelemnul
Zin


Innate Abilities, Weirdness & Mutations

You are immune to sickness and miasma.
Your stone body is resilient. (AC +4)
You are immune to poison.
You resist negative energy. (rN+)
You are resistant to electric shocks. (rElec)
You are resistant to unholy torment.
You are immune to petrification.


Message History

You are too injured to fight recklessly!
You are too injured to fight recklessly!
You are too injured to fight recklessly!
You are too injured to fight recklessly!
You are too injured to fight recklessly!
You are too injured to fight recklessly!
You are too injured to fight recklessly!
You are too injured to fight recklessly!
You are too injured to fight recklessly!
You are too injured to fight recklessly!
You are too injured to fight recklessly!
You are too injured to fight recklessly!
You are too injured to fight recklessly!
You are too injured to fight recklessly!
Unknown command.
You feel very mighty all of a sudden.
The orc wizard points at you and mumbles some strange words.
The magic dart hits you but does no damage.
You barely miss the orc wizard.
The orc wizard is moderately wounded.
The orc wizard hits you but does no damage.
You thump the orc wizard!
You kill the orc wizard!
You closely miss the orc. The orc hits you with a +0 flail.
* * * LOW HITPOINT WARNING * * *
The orc hits you but does no damage.
You sock the orc!
You kill the orc!
The orc priest calls down the wrath of Beogh upon you.
Beogh smites you!
* * * LOW HITPOINT WARNING * * *
You feel better.
You thump the orc priest!
The orc priest is heavily wounded.
The orc priest barely misses you.
You hit the orc priest.
The orc priest is severely wounded.
The orc priest calls down the wrath of Beogh upon you.
Beogh smites you!
You die...

##... ########....
#.......#...
#.#####.#... #.# #.....
#.# ###.#. #.# ######..
#.######## #.# #.......
#....o@..# #.# #.#####.
########.###.###.##.##.
#...............
#####...........
####..#....# #..##.#..
#...#.### #...#.#
#...#.#


You could see an orc priest.

Vanquished Creatures
  2 orc priests (D:3)
  An iguana (D:4)
  2 orc wizards
  5 adders
  An ufetubus (D:3)
  6 orcs
  4 bats
  5 endoplasms
  2 giant cockroaches
  5 goblins
  2 hobgoblins
  9 jackals
  2 quokkas (D:3)
  8 ball pythons
  4 frilled lizards
  3 kobolds
  3 rats
64 creatures vanquished.

Notes
Turn   | Place    | Note
-------+----------+-------------------------------------------
     0 | D:1      | qeuew the Gargoyle Fighter began the quest for the Orb.
     0 | D:1      | Reached XP level 1. HP: 14/14 MP: 1/1
   330 | D:1      | Reached XP level 2. HP: 12/19 MP: 2/2
  1182 | D:2      | Reached XP level 3. HP: 23/23 MP: 3/3
  1349 | D:2      | Reached XP level 4. HP: 29/29 MP: 4/4
  1384 | D:2      | Found a basalt altar of Yredelemnul.
  2189 | D:3      | Found a glowing silver altar of Zin.
  2207 | D:3      | Reached XP level 5. HP: 29/33 MP: 5/5
  2353 | D:3      | Found a shimmering blue altar of Sif Muna.
  2841 | D:3      | Found a faded altar of an unknown god.
  3109 | D:4      | Reached XP level 6. HP: 23/38 MP: 6/6
  3242 | D:4      | HP: 1/38 [orc priest/divine providence (9)]
  3245 | D:4      | Killed from afar by an orc priest

Illustrated notes

Levels and vault maps discovered:
D:1:      dpeg_arrival_pits, layout_basic
D:2:      layout_loops_cross, basic_altar
D:3:      layout_loops_corners, lemuel_crystal_altar, lemuel_blue_sif_altar,
          basic_ecumenical_altar, minmay_misc_feat_chi, grunt_ministairs_5
D:4:      layout_loops_ring, nicolae_overflow_hidden_temple

Skill      XL: |  1  2  3  4  5 |
---------------+----------------+-----
Armour         | 4 |  4.9
Maces & Flails | 3 |  3.9
Fighting       | 4 |  4.2
Shields        | 4 |  4.2

Action                     |  1- 3 |  4- 6 || total
---------------------------+-------+-------++-------
  Melee: Flail             |   100 |   153 ||   253
    Use: Scroll            |     4 |     4 ||     8
         Potion            |     1 |     4 ||     5
 Armour: Scale mail        |    61 |   102 ||   163
  Dodge: Dodged            |    53 |   116 ||   169
  Block: Buckler           |    22 |    44 ||    66
